 Dungeon Crawl Stone Soup version 0.28-a0-704-g4d584c6bc1 (webtiles) character file.

Game seed: 14524675116413343456

60343 Lekart the Carver (level 14, 0/124 HPs)
             Began as a Purple Draconian Fighter on Oct 24, 2021.
             Was a High Priest of Okawaru.
             Killed from afar by a lindwurm (40 damage)
             ... with a blast of flame
             ... on level 6 of the Lair of Beasts.
             The game lasted 01:02:16 (27590 turns).

Lekart the Carver (Purple Draconian Fighter)       Turns: 27590, Time: 01:02:17

Health: 0/124      AC: 21    Str: 31    XL:     14   Next: 56%
Magic:  24/24      EV: 15    Int: 17    God:    Okawaru [*****.]
Gold:   1754       SH:  0    Dex: 12    Spells: 21/26 levels left

rFire   x . .      SeeInvis .   F - +1 triple sword (protect)
rCold   + + +      Faith    .   (shield currently unavailable)
rNeg    + . .      Spirit   .   (armour unavailable)
rPois   .          Reflect  .   (helmet restricted)
rElec   .          Harm     .   (no cloak)
rCorr   +          Rampage  .   f - +2 pair of gloves {Str+3}
Will    +++..                   q - +2 pair of boots "Honkese" {*Slow rF- rC++ rCorr Int+8}
Stlth   +.........              K - amulet of regeneration
HPRegen 1.30/turn               j - +6 ring of strength
MPRegen 0.19/turn               I - ring of positive energy

@: under a protective aura, slowed, very slow
A: breathe power, AC +8, unfitting armour, cold-blooded, horns 1, cold
resistance 1, strong-willed 1
a: Breathe Dispelling Energy, Renounce Religion, Heroism, Finesse, Duel


You were on level 6 of the Lair of Beasts.
You worshipped Okawaru.
Okawaru was extremely pleased with you.
You visited 4 branches of the dungeon, and saw 21 of its levels.
You also visited: Gauntlet.

You collected 2422 gold pieces.
You spent 668 gold pieces at shops.

Inventory:

Hand Weapons
 o - a +4 double sword of holy wrath
 E - a +1 scimitar of flaming
 F - a +1 triple sword of protection (weapon)
Missiles
 a - 13 javelins (quivered)
 i - 2 throwing nets
 u - a curare-tipped dart
 J - 6 silver javelins
Armour
 b - a +3 buckler
 e - the +0 buckler "Difout" {Dex+3}
   (Okawaru gifted it to you on level 11 of the Dungeon)

   Dex:       It affects your dexterity (+3).
 f - a +2 pair of gloves of strength (worn)
 q - the +2 pair of boots "Honkese" (worn) {*Slow rF- rC++ rCorr Int+8}
   (You found it on level 6 of the Dungeon)

   Int:       It affects your intelligence (+8).
   rF:        It makes you vulnerable to fire.
   rC:        It greatly protects you from cold.
   rCorr:     It protects you from acid and corrosion.
   *Slow:     It may slow you when you take damage.
Jewellery
 j - a +6 ring of strength (left hand)
 k - a ring of protection from fire
 p - a ring of see invisible
 z - an amulet of reflection
 C - a ring of positive energy
 I - a ring of positive energy (right hand)
 K - an amulet of regeneration (around neck)
Wands
 d - a wand of polymorph (2)
 h - a wand of digging (17)
 t - a wand of flame (25)
 x - a wand of acid (11)
 D - a wand of iceblast (11)
Scrolls
 l - 2 scrolls of fog
 m - 3 scrolls of blinking
 r - 4 scrolls of teleportation
 s - 8 scrolls of identify
 v - 2 scrolls of amnesia
 y - 5 scrolls of fear
 B - a scroll of brand weapon
 G - a scroll of holy word
 H - 3 scrolls of enchant armour
 L - a scroll of immolation {unknown}
 Q - 2 scrolls of magic mapping
Potions
 c - 6 potions of flight
 g - 5 potions of brilliance
 A - 2 potions of curing
 M - a potion of haste
Miscellaneous
 w - a condenser vane


   Skills:
 + Level 11.0 Fighting
 + Level 14.9 Long Blades
 + Level 2.7 Throwing
 + Level 9.5 Dodging
 + Level 6.9 Shields
 * Level 6.7 Spellcasting
 * Level 6.7 Hexes
 * Level 6.3 Air Magic
 * Level 11.5 Invocations
 + Level 2.8 Evocations


You had 21 spell levels left.
You knew the following spells:

 Your Spells              Type           Power      Damage    Failure   Level
a - Silence               Hex/Air        14%        N/A       22%         5

Your spell library contained the following spells:

 Spells                   Type           Power      Damage    Failure   Level
 Swiftness                Air            27%        N/A       2%          3
 Shock                    Conj/Air       64%        1d7       3%          1
 Corpse Rot               Necr/Air       32%        N/A       4%          2
 Dazzling Flash           Conj/Hex       34%        N/A       9%          3
 Airstrike                Air            13%        N/A       9%          4
 Freeze                   Ice            20%        1d4       12%         1
 Sublimation of Blood     Necr           2%         N/A       19%         2
 Wereblood                Tmut           5%         N/A       19%         2
 Fulminant Prism          Conj/Hex       8%         3d7       30%         4
 Frozen Ramparts          Ice            10%        1d3       34%         3
 Lightning Bolt           Conj/Air       8%         1d20      65%         5
 Dispel Undead            Necr           5%         3d7       75%         4
 Hailstorm                Conj/Ice       5%         3d4       75%         4
 Iskenderun's Mystic Bla  Conj/Tloc      5%         2d3       75%         4
 Agony                    Necr           5%         N/A       97%         5
 Lee's Rapid Deconstruct  Erth           2%         3d6*      97%         5
 Borgnjor's Revivificati  Necr           2%         N/A       100%        8
 Necromutation            Tmut/Necr      2%         N/A       100%        8
 Death's Door             Necr           2%         N/A       100%        9
 Summon Lightning Spire   Summ/Air       Unusable   N/A       N/A         4
 Death Channel            Necr           Unusable   N/A       N/A         6
 Summon Hydra             Summ           Unusable   N/A       N/A         7

Dungeon Overview and Level Annotations

Branches:
Dungeon (12/15)            Temple (1/1) D:7            Lair (6/6) D:8
 Shoals (0/4) Lair:2       Spider (0/4) Lair:4        Slime (0/5) Lair:5
    Orc (2/2) D:11            Elf (0/3) Orc:2       Gauntlet (visited)

Altars:
Ashenzari
Cheibriados
Dithmenos
Elyvilon
Fedhas
Gozag
Hepliaklqana
Kikubaaqudgha
Makhleb
Nemelex Xobeh
Okawaru
Qazlal
Ru
Sif Muna
Trog
Uskayaw
Vehumet
Wu Jian
Xom
Yredelemnul
Zin
The Shining One
Beogh
Jiyva

Shops:
D:8 (   D:9 **:   D:10 [   Orc:1 ?   Orc:2 :!![

Annotations:
D:9 exclusion: 2 downstairs
D:12 Frances
Lair:5 1 runed translucent door


Innate Abilities, Weirdness & Mutations

You can breathe bolts of dispelling energy.
Your rich purple scales are hard. (AC +8)
You cannot fit into any form of body armour.
You are cold-blooded and may be slowed by cold attacks.
You have a pair of small horns on your head.
Your flesh is cold resistant. (rC+)
You are strong-willed. (Will+)


Message History

You feel very sick.
The black mamba bites you but does no damage. x2
You closely miss the black mamba. Your headbutt misses the black mamba.
You tail-slap the black mamba!
The black mamba is almost dead.
You feel very sick. The black mamba bites you!
The catoblepas closely misses you. The black mamba barely misses you.
You barely miss the black mamba. You headbutt the black mamba.
You kill the black mamba!
Okawaru accepts your kill.
You feel sick. The catoblepas completely misses you.
Your Fighting skill increases to level 11!
You slash the catoblepas!
Your weapon exudes an aura of protection.
You tail-slap the catoblepas.
The catoblepas is moderately wounded.
You feel sick. The catoblepas gores you!
You feel yourself slow down.
You hit the catoblepas. Your headbutt misses the catoblepas.
The catoblepas is moderately wounded.
You feel sick. The catoblepas completely misses you.
The catoblepas gores you but does no damage.
You hit the catoblepas.
You headbutt the catoblepas, but do no damage.
The catoblepas is moderately wounded.
You feel sick.
The catoblepas breathes a plume of calcifying dust at you.
The blast of calcifying dust hits you.
You feel sick.
The lindwurm is no longer petrified.
The catoblepas gores you! x2
You feel sick.
You are no longer poisoned.
The catoblepas breathes a plume of calcifying dust at you.
The blast of calcifying dust hits you but does no damage.
The catoblepas gores you!
You slice the catoblepas!!
Your weapon exudes an aura of protection.
The catoblepas is heavily wounded.
The lindwurm breathes flames at you. The blast of flame hits you!!!
The fire burns you terribly!
You die...

.....# ##....#.....P###...≈≈≈≈≈≈≈
#....## ##...#.#.#..###..≈≈##≈##≈
##....# ##.##...#...##.≈≈≈#≈≈≈#≈
#.....# ###}...#..P#..≈≈##≈≈≈##
#.....# ##.##...#...##≈≈≈#≈≈≈≈≈#
P....## #...#####..###.≈≈##≈≈≈##
.....# #...#......###.≈≈≈#≈≈≈#≈
.....# #.....#...###...≈≈##≈##≈
.....###....#..k@...##.#≈P≈≈###≈≈
#P....##....†.#Y§§#####≈#≈≈≈≈≈≈≈≈
......##..###.#..## ###≈#≈≈≈≈≈.
.....##. ..#### ##....... .....##
...# ##.#...... ......# ....#
###...##P... ......# .#####
#.P......... .....## ..
#........... .....# #...........


You could see a catoblepas and a lindwurm (catching breath).

Vanquished Creatures
  A minotaur (Gauntlet)
  The ghost of Foggup the Grappler, a journeyman DDFi of Ru (Arena)
  A boulder beetle (Lair:6)
  Harold (D:8)
  5 hydras
  2 ogre magi (Orc:2)
  Erolcha (Arena)
  Erica (Lair:2)
  A death yak (Lair:6)
  2 two-headed ogres
  A death knight (Arena)
  An orc knight (Orc:1)
  An oklob plant (Lair:5)
  An orb spider (Lair:4)
  9 orc sorcerers (Orc:2)
  3 manticores
  A shining eye (Gauntlet)
  5 cyclopes
  8 elephants
  7 black mambas
  Maurice (D:8)
  2 torpor snails (Lair:6)
  2 gargoyles
  10 cane toads
  Maggie (Lair:2)
  4 rime drakes
  13 komodo dragons
  A freezing wraith (D:10)
  A demonic crawler (Lair:5)
  A hornet (D:8)
  A merfolk (Lair:2)
  3 trolls
  3 polar bears
  26 blink frogs
  13 dream sheep
  Sigmund (D:6)
  4 shadows
  8 wyverns
  2 wraiths (D:11)
  37 yaks
  8 basilisks
  A golden eye (Gauntlet)
  A vampire mosquito (D:8)
  A neqoxec (Gauntlet)
  2 steam dragons
  A chaos spawn (Gauntlet)
  Edmund (D:6)
  15 water moccasins
  3 swamp worms (Lair:6)
  11 orc warriors
  4 ice beasts
  2 black bears
  2 sky beasts
  2 necrophages
  6 ogres
  12 wolves
  3 centaurs
  A lemure (D:4)
  A kobold brigand (D:6)
  5 bullfrogs
  A gnoll sergeant (D:7)
  A wyvern zombie (D:9)
  A scorpion (D:6)
  10 killer bees
  5 wights
  4 howler monkeys
  5 centaur zombies
  4 jellies
  A centaur skeleton (D:4)
  7 hounds
  7 orc priests
  A gnoll shaman (D:8)
  2 iguanas (D:5)
  Ijyb (D:4)
  23 orc wizards
  Natasha (thrice) (D:4)
  8 hell rats
  A killer bee zombie (D:8)
  A hound zombie (D:5)
  A hound skeleton (D:4)
  3 howler monkey zombies
  20 gnolls
  A howler monkey skeleton (D:7)
  9 adders
  A shadow imp (D:7)
  3 white imps
  An ufetubus (D:5)
  An adder skeleton (D:2)
  3 worms
  A dart slug (D:2)
  40 orcs
  6 endoplasms
  4 giant cockroaches
  8 goblins
  9 hobgoblins
  3 jackals (D:2)
  5 quokkas
  6 ball pythons
  4 bats
  3 frilled lizards
  17 kobolds
  4 rats
508 creatures vanquished.

Vanquished Creatures (others)
  Eustachio (D:4)
  An orc wizard (Orc:2)
  An orc (Orc:2)
  23 fungi
  58 plants
84 creatures vanquished.

Grand Total: 592 creatures vanquished

Notes
Turn   | Place    | Note
-------+----------+-------------------------------------------
     0 | D:1      | Lekart the Draconian Fighter began the quest for the Orb.
     0 | D:1      | Reached XP level 1. HP: 19/19 MP: 1/1
   178 | D:1      | Found a faded altar of an unknown god.
   201 | D:1      | Prayed at the altar of an unknown god.
   201 | D:1      | Became a worshipper of Warmaster Okawaru
   201 | D:1      | Reached * piety under Okawaru
   385 | D:1      | Reached XP level 2. HP: 25/26 MP: 2/2
  1016 | D:1      | Gained mutation: You expend magic power (3 MP) to
                  | strengthen your wands. [potion of mutation]
  1016 | D:1      | Gained mutation: Your spells are a little harder to cast,
                  | but a little more powerful. [potion of mutation]
  1036 | D:2      | Reached XP level 3. HP: 21/33 MP: 3/3
  1505 | D:2      | Reached XP level 4. HP: 23/40 MP: 4/4
  1720 | D:2      | Reached skill level 3 in Long Blades
  2014 | D:2      | Found a blossoming altar of Fedhas.
  2765 | D:3      | Noticed a centaur
  2768 | D:3      | Noticed a water moccasin
  2772 | D:3      | Killed a centaur
  2772 | D:3      | Reached ** piety under Okawaru
  2773 | D:3      | Reached skill level 1 in Invocations
  2773 | D:3      | Reached XP level 5. HP: 46/46 MP: 4/6
  2775 | D:3      | Killed a water moccasin
  2776 | D:3      | Reached skill level 4 in Long Blades
  2776 | D:3      | Reached XP level 6. HP: 50/52 MP: 4/7
  3339 | D:3      | Found a white marble altar of Elyvilon.
  3343 | D:3      | Found a snail-covered altar of Cheibriados.
  3629 | D:4      | Noticed Natasha
  3636 | D:4      | Killed Natasha
  3685 | D:4      | Noticed Eustachio
  3704 | D:4      | Killed Eustachio
  3774 | D:4      | Noticed Natasha
  3779 | D:4      | Killed Natasha
  3780 | D:4      | Your scales start taking on a rich purple colour.
  3780 | D:4      | Reached XP level 7. HP: 60/60 MP: 7/9
  3785 | D:4      | Reached skill level 5 in Long Blades
  3983 | D:4      | Noticed Ijyb
  3993 | D:4      | Killed Ijyb
  4289 | D:4      | Noticed Natasha
  4300 | D:4      | Killed Natasha
  4333 | D:4      | Found a broken altar of Ashenzari.
  4360 | D:4      | Noticed Pikel
  4660 | D:3      | Noticed Pikel
  4660 | D:3      | Pikel changed into Pikel the black bear
  4664 | D:3      | Killed Pikel the black bear
  4940 | D:5      | Entered Level 5 of the Dungeon
  4965 | D:5      | Reached skill level 5 in Fighting
  5110 | D:5      | Reached *** piety under Okawaru
  5176 | D:5      | Reached skill level 6 in Long Blades
  5176 | D:5      | Reached XP level 8. HP: 68/68 MP: 10/10
  5903 | D:6      | Noticed Sigmund
  5907 | D:6      | Killed Sigmund
  5908 | D:6      | Reached skill level 5 in Dodging
  5989 | D:6      | Identified the +2 pair of boots "Honkese" {*Slow rF- rC++
                  | rCorr Int+8}
  6177 | D:6      | Reached skill level 7 in Long Blades
  6183 | D:6      | Reached skill level 5 in Invocations
  6186 | D:6      | Reached **** piety under Okawaru
  6242 | D:6      | Reached XP level 9. HP: 44/75 MP: 8/12
  6964 | D:6      | Noticed Edmund
  6970 | D:6      | Killed Edmund
  7164 | D:7      | Reached skill level 8 in Long Blades
  7296 | D:7      | Found a staircase to the Ecumenical Temple.
  7327 | D:7      | Noticed a cyclops
  7344 | D:7      | Killed a cyclops
  7369 | Temple   | Entered the Ecumenical Temple
  7773 | D:7      | Received a gift from Okawaru
  7879 | D:7      | Noticed a troll
  7897 | D:7      | Reached skill level 1 in Throwing
  7903 | D:7      | Killed a troll
  7904 | D:7      | Reached skill level 5 in Shields
  8725 | D:8      | Received a gift from Okawaru
  8726 | D:8      | Reached skill level 9 in Long Blades
  8752 | D:8      | Reached XP level 10. HP: 44/84 MP: 15/15
  8985 | D:8      | Found a staircase to the Lair.
  9087 | D:8      | Noticed a cyclops
  9098 | D:8      | Killed a cyclops
  9098 | D:8      | Reached ***** piety under Okawaru
 10072 | D:8      | Noticed Harold
 10077 | D:8      | Paralysed by Harold for 4 turns
 10098 | D:8      | Killed Harold
 10098 | D:8      | Received a gift from Okawaru
 10103 | D:8      | Noticed Maurice
 10132 | D:8      | Killed Maurice
 10133 | D:8      | Reached skill level 10 in Long Blades
 10361 | D:8      | Found Raafris's Antique Weapon Shop.
 10364 | D:8      | Bought a slimy mace for 160 gold pieces
 10364 | D:8      | Identified the +4 mace of Fate {freeze, rF+} (You bought it
                  | in a shop on level 8 of the Dungeon)
 10522 | D:9      | Noticed Erolcha
 10525 | Arena    | Entered the Arena
 10546 | Arena    | Killed Erolcha
 10633 | D:9      | Paralysed by a hornet for 3 turns
 10967 | D:9      | Found a burning altar of Makhleb.
 10987 | D:9      | Reached XP level 11. HP: 82/93 MP: 17/17
 11173 | D:9      | Found Xoeblej's Book Boutique.
 11297 | D:9      | Found Xumef's General Store.
 11299 | D:9      | Found Zent's Specific Store.
 11570 | D:9      | Noticed a two-headed ogre
 11576 | D:9      | Killed a two-headed ogre
 11577 | D:9      | Reached skill level 11 in Long Blades
 11808 | D:9      | Found a shimmering altar of Xom.
 11808 | D:9      | Found a blossoming altar of Fedhas.
 11947 | D:10     | Entered Level 10 of the Dungeon
 11990 | D:10     | Found Peomep's Antique Armour Emporium.
 12023 | D:10     | Noticed a cyan ugly thing
 12642 | D:11     | Noticed a death knight
 13229 | D:11     | Found a sacrificial altar of Ru.
 14069 | Arena    | Entered the Arena
 14079 | Arena    | Killed a death knight
 14080 | Arena    | Reached skill level 12 in Long Blades
 14080 | Arena    | Reached skill level 1 in Evocations
 14790 | D:12     | Noticed Frances
 14791 | D:12     | Noticed a deep elf pyromancer
 14808 | D:11     | Identified the +0 buckler "Difout" {Dex+3} (Okawaru gifted
                  | it to you on level 11 of the Dungeon)
 14808 | D:11     | Received a gift from Okawaru
 15051 | D:11     | Found a staircase to the Orcish Mines.
 15066 | Orc:1    | Entered Level 1 of the Orcish Mines
 15258 | Orc:1    | Noticed a two-headed ogre
 15280 | Orc:1    | Killed a two-headed ogre
 15281 | Orc:1    | Reached XP level 12. HP: 99/103 MP: 10/19
 15350 | Orc:1    | Learned a level 5 spell: Silence
 15457 | Orc:1    | Found Akharirch's Magic Scroll Shop.
 15467 | Orc:1    | Bought a scroll of fear for 49 gold pieces
 15587 | Orc:2    | Entered Level 2 of the Orcish Mines
 15848 | Orc:2    | Reached skill level 1 in Spellcasting
 15927 | Orc:2    | Reached skill level 1 in Hexes
 15927 | Orc:2    | Reached skill level 1 in Air Magic
 16047 | Orc:2    | Found a staircase to the Elven Halls.
 16604 | Orc:2    | Found Cum Sare's Distillery.
 16728 | Orc:2    | Found Xociuh's Book Boutique.
 16750 | Orc:2    | Found an ancient bone altar of Kikubaaqudgha.
 16780 | Orc:2    | Noticed an ogre mage
 16787 | Orc:2    | Killed an ogre mage
 16789 | Orc:2    | Noticed an ogre mage
 16796 | Orc:2    | Killed an ogre mage
 17064 | Orc:2    | Found a radiant altar of Vehumet.
 17083 | Orc:2    | Found Gokyocs's Antique Armour Boutique.
 17162 | Orc:2    | Reached skill level 10 in Invocations
 17172 | Orc:2    | Reached skill level 13 in Long Blades
 17342 | Orc:2    | Found Vorixzed's Distillery.
 17351 | Orc:2    | Bought a potion of mutation for 136 gold pieces
 17351 | Orc:2    | Bought 2 potions of curing for 102 gold pieces
 17351 | Orc:2    | Bought a potion of heal wounds for 85 gold pieces
 17351 | Orc:2    | Bought a potion of curing for 51 gold pieces
 17351 | Orc:2    | Bought a potion of heal wounds for 85 gold pieces
 17634 | Orc:2    | Lost mutation: You expend magic power (3 MP) to strengthen
                  | your wands. [potion of mutation]
 17634 | Orc:2    | Lost mutation: Your spells are a little harder to cast, but
                  | a little more powerful. [potion of mutation]
 17634 | Orc:2    | Gained mutation: You are frail. (-10% HP) [potion of
                  | mutation]
 17634 | Orc:2    | Gained mutation: You sometimes lose the ability to read
                  | scrolls when taking damage. [potion of mutation]
 17634 | Orc:2    | Gained mutation: Your spells are a little harder to cast,
                  | but a little more powerful. [potion of mutation]
 17816 | Lair:1   | Entered Level 1 of the Lair of Beasts
 18650 | Lair:2   | Noticed Maggie
 18665 | Lair:2   | Killed Maggie
 18996 | Lair:2   | Noticed Erica
 19018 | Lair:2   | Killed Erica
 19693 | Lair:2   | You fall into a shaft and drop 1 floor!
 19725 | Lair:3   | Lost mutation: You are frail. (-10% HP) [potion of
                  | mutation]
 19725 | Lair:3   | Lost mutation: You sometimes lose the ability to read
                  | scrolls when taking damage. [potion of mutation]
 19725 | Lair:3   | Gained mutation: You are strong-willed. (Will+) [potion of
                  | mutation]
 19725 | Lair:3   | Gained mutation: Your magical capacity is low. (-10% MP)
                  | [potion of mutation]
 19725 | Lair:3   | Lost mutation: Your spells are a little harder to cast, but
                  | a little more powerful. [potion of mutation]
 19860 | Lair:3   | Received a gift from Okawaru
 20176 | Lair:3   | Noticed a six-headed hydra
 20248 | Lair:2   | Reached XP level 13. HP: 71/111 MP: 18/18
 21473 | Lair:3   | HP: 2/112 [blink frog (6)]
 21997 | Lair:3   | Noticed Foggup's ghost (journeyman DDFi)
 22000 | Lair:3   | Found a runed translucent gate.
 22001 | Lair:3   | Found a runed translucent gate.
 22001 | Lair:3   | Found a runed translucent gate.
 22364 | Arena    | Entered the Arena
 22378 | Arena    | Killed Foggup's ghost
 22689 | Lair:4   | Received a gift from Okawaru
 23064 | Lair:4   | Found a hole to the Spider Nest.
 23340 | Lair:4   | Reached skill level 10 in Fighting
 23471 | Lair:4   | Reached skill level 5 in Hexes
 24018 | Lair:2   | Found a staircase to the Shoals.
 24037 | Lair:2   | Reached skill level 5 in Spellcasting
 24310 | Lair:5   | Reached skill level 14 in Long Blades
 24314 | Lair:5   | Reached skill level 5 in Air Magic
 24364 | Lair:5   | Identified the +0 pair of boots of Surprise {rC+ Int+3
                  | Slay+2}
 24377 | Lair:5   | Found a gate leading to a gauntlet.
 24383 | Gauntlet | Entered a Gauntlet
 24383 | Gauntlet | Found a transporter.
 24383 | Gauntlet | Found a transporter.
 24388 | Gauntlet | Found a transporter.
 24388 | Gauntlet | Found a transporter.
 24389 | Gauntlet | Found a transporter.
 24401 | Gauntlet | Found a transporter.
 24402 | Gauntlet | Found a runed translucent door.
 24413 | Gauntlet | Found a transporter.
 24480 | Gauntlet | Found a transporter.
 24481 | Gauntlet | Found a transporter.
 24483 | Gauntlet | Found a transporter.
 24483 | Gauntlet | Noticed a dire elephant
 24485 | Gauntlet | Found a runed translucent door.
 24554 | Gauntlet | Lost mutation: You are strong-willed. (Will+) [potion of
                  | mutation]
 24554 | Gauntlet | Lost mutation: Your magical capacity is low. (-10% MP)
                  | [potion of mutation]
 24554 | Gauntlet | Gained mutation: You are strong-willed. (Will+) [potion of
                  | mutation]
 24554 | Gauntlet | Gained mutation: You have a pair of small horns on your
                  | head. [potion of mutation]
 24554 | Gauntlet | Gained mutation: Your flesh is cold resistant. (rC+)
                  | [potion of mutation]
 24595 | Gauntlet | Found a runed translucent gate.
 24595 | Gauntlet | Found a runed translucent gate.
 24595 | Gauntlet | Found a runed translucent gate.
 24598 | Gauntlet | Found a transporter.
 24621 | Gauntlet | Found a runed translucent door.
 24628 | Gauntlet | Found a transporter.
 24643 | Gauntlet | Identified the +5 short sword of Haunted Fortitude
                  | {antimagic, Int+7 Dex-4 Stlth+}
 24646 | Gauntlet | Identified the +1 pair of boots of Ycoama {Harm +Inv rElec
                  | rF-}
 24649 | Gauntlet | Found a transporter.
 24772 | Gauntlet | Identified the +4 ring mail of the Moon {rPois}
 24772 | Gauntlet | Noticed a minotaur
 24783 | Gauntlet | Killed a minotaur
 25055 | Lair:5   | Found a stormy altar of Qazlal.
 25121 | Lair:5   | Found a runed translucent door.
 25121 | Lair:5   | Found a viscous altar of Jiyva.
 25121 | Lair:5   | Noticed an acid blob
 25124 | Lair:5   | Found a staircase to the Slime Pits.
 25585 | Lair:5   | Received a gift from Okawaru
 25613 | Lair:5   | Reached XP level 14. HP: 82/114 MP: 22/22
 25919 | Lair:6   | Entered Level 6 of the Lair of Beasts
 27590 | Lair:6   | Killed from afar by a lindwurm

Illustrated notes

Levels and vault maps discovered:
D:1:      dpeg_arrival_chambers_temple_mockup, layout_basic,
          hellmonk_ecumenical_altar_leap_of_faith, serial_bayou,
          serial_bayou_pond_a, serial_bayou_shore_b, serial_bayou_ford_a,
          serial_bayou_shore_b
D:2:      minmay_razor_zed, layout_loops_ring, basic_altar, nrook_campfire,
          dk_noncrumbling_3
D:3:      layout_basic, minitemple, kennysheep_generic_room_15
D:4:      layout_loops_ring, evilmike_ruin_ashenzari, uniq_eustachio,
          uniq_natasha, uniq_pikel, uniq_ijyb
D:5:      layout_basic
D:6:      layout_basic, gup_sewer_entry_glass, uniq_edmund, uniq_sigmund
D:7:      layout_loops_ring, minmay_temple_entry_overgrown
D:8:      layout_rooms, lair_entry_dummy, serial_shops, kennysheep_mini,
          minmay_fractal_squares_5, uniq_maurice, uniq_harold
D:9:      layout_basic, mainiacjoe_overflow_catwalk,
          gammafunk_temple_overflow_statue, serial_shops, shop,
          nicolae_specific_store, uniq_erolcha
D:10:     layout_loops_ring, serial_shops, shop, minivault_20,
          kennysheep_generic_room_2
D:11:     layout_irregular_city, david_orc_4, serial_column_ruins,
          column_ruins_circle_medium, column_ruins_grid_1, column_ruins_grid_1,
          column_ruins_open_tiny_water, column_ruins_corridor_corner,
          hangedman_ru_absence
D:12:     layout_gridville, portal_ice_cave_entry_ice_simulacra, uniq_frances
Temple:   kb_temple_of_zot
Lair:1:   layout_gridlike, grunt_megastairs_5
Lair:2:   layout_cave_pods, elwin_shoals_entry_rooms, uniq_maggie, uniq_erica
Lair:3:   layout_layer_cave, gammafunk_ghost_split, infiniplex_staircase_pool_2,
          grunt_megastairs_2
Lair:4:   layout_regular_city, nicolae_spider_entry_orb_guardian
Lair:5:   layout_long_grid, slime_altar_2, special_room
          [special_room_mythical_zoo], gauntlet_entry_generic,
          lemuel_oklob_altar
Lair:6:   hangedman_lair_in_review, layout_gridlike, worms_lemuel
Orc:1:    layout_diamond_mine, serial_shops, shop
Orc:2:    kennysheep_orc_mage_school, layout_diamond_mine, basic_altar

Skill      XL: |  1  2  3  4  5  6  7  8  9 10 11 12 13 14 |
---------------+-------------------------------------------+-----
Dodging        | 3 4 5 6 7 8 9 |  9.5
Long Blades    | 3 4 6 7 9 10 12 13 14 | 14.9
Fighting       | 4 5 6 7 8 9 10 11 | 11.0
Invocations    | 1 2 3 5 6 8 9 10 11 | 11.5
Shields        | 4 5 6 |  6.9
Throwing       | 1 2 |  2.7
Evocations     | 1 2 |  2.8
Spellcasting   | 3 5 6 |  6.7
Hexes          | 3 5 6 |  6.7
Air Magic      | 3 5 6 |  6.3

Action                   |  1- 3 |  4- 6 |  7- 9 | 10-12 | 13-15 || total
-------------------------+-------+-------+-------+-------+-------++-------
Melee: Long sword        |    99 |   134 |   410 |   151 |       ||   794
       Tailslap          |    17 |    12 |    71 |    98 |   113 ||   311
       Double sword      |       |       |       |   482 |     3 ||   485
       Scimitar          |       |       |       |    14 |   205 ||   219
       Triple sword      |       |       |       |     8 |   437 ||   445
       Headbutt          |       |       |       |       |    97 ||    97
Throw: Javelin           |       |       |    20 |    26 |     3 ||    49
       Throwing net      |       |       |     1 |     1 |       ||     2
       Dart              |       |       |       |     5 |       ||     5
Invok: Heroism           |       |       |     2 |     5 |     6 ||    13
       Finesse           |       |       |     1 |     5 |     4 ||    10
       Duel              |       |       |       |     2 |     1 ||     3
 Abil: Breathe Dispellin |       |       |     4 |     3 |     1 ||     8
Evoke: Wand              |       |       |     6 |    36 |     8 ||    50
       Condenser vane    |       |       |       |     2 |       ||     2
  Use: Potion            |     1 |     4 |     3 |     7 |     7 ||    22
       Scroll            |     1 |     3 |     2 |    11 |     7 ||    24
 Stab: Invisible         |       |       |       |     1 |       ||     1
       Paralysed         |       |       |       |     5 |       ||     5
       Sleeping          |       |       |       |     1 |       ||     1
Armor: Skin              |    36 |    59 |   203 |   214 |   394 ||   906
Dodge: Dodged            |    68 |    85 |   306 |   424 |   691 ||  1574
Block: Buckler           |    25 |    28 |   111 |   161 |    19 ||   344

Table legend: (Time is in decaauts)
 A = Elapsed time spent in this place.
 B = Non-inter-level travel time spent in this place.
 C = Inter-level travel time spent in this place.
 D = Time resting spent in this place.
 E = Time spent auto-exploring this place.
 F = Levels seen in this place.
 G = Mean time per level.
                   A        B        C        D        E       F      G
               +--------+--------+--------+--------+--------+-----+--------+
         Total |  27664 |  26945 |    719 |   8575 |  11650 |  25 | 1106.6 |
       Dungeon |  15100 |  14754 |    346 |   4729 |   6954 |  12 | 1258.3 |
        Temple |    210 |    195 |     15 |      0 |    184 |   1 |  210.0 |
          Lair |   9296 |   9019 |    277 |   2702 |   4017 |   6 | 1549.3 |
  Orcish Mines |   2478 |   2399 |     79 |    920 |    495 |   2 | 1239.0 |
      Gauntlet |    464 |    464 |      0 |    161 |      0 |   1 |  464.0 |
         Arena |    114 |    114 |      0 |     62 |      0 |   3 |   38.0 |
               +--------+--------+--------+--------+--------+-----+--------+

Top non-repeatable levels by time:
    D:11: 1922 daAuts
  Lair:3: 1905 daAuts
   Orc:2: 1864 daAuts
     D:7: 1856 daAuts
  Lair:2: 1676 daAuts
  Lair:4: 1654 daAuts
     D:8: 1635 daAuts
     D:2: 1630 daAuts
     D:9: 1495 daAuts
  Lair:6: 1444 daAuts
  Lair:1: 1357 daAuts
     D:6: 1350 daAuts
     D:3: 1325 daAuts
  Lair:5: 1258 daAuts
     D:1: 1052 daAuts
